 Dungeon Sprint DCSS version 0.31-a0-325-g067879e3d3 (webtiles) character file.

Game seed: 9983315216115346330

37357 HallandMoats the End of an Era (level 13, -2/124 HPs)
             Began as a Demonspawn Monk on July 19, 2023.
             Was the Champion of Qazlal.
             Slain by a yaktaur captain
             ... wielding the +1 great sword of Jynin {freeze, rF+ Str+3}
              (5 damage)
             ... in the Dungeon (Sprint V: "Ziggurat Sprint").
             The game lasted 00:09:03 (1171 turns).

HallandMoats the End of an Era (Demonspawn Monk)    Turns: 1171, Time: 00:09:05

Health: -2/124     AC: 26    Str: 18    XL:     13   Next: 58%
Magic:  0/29       EV:  1    Int: 15    God:    Qazlal [******]
Gold:   0          SH: 38    Dex: 16    Spells: 12/12 levels left

rFire   + + .        B - +16 obsidian axe {drain, demonic, Mesm Drain Fly SInv}
rCold   + . .        C - +18 shield of the Gong {Loud rN+ Will+ rCorr EV-5}
rNeg    + + .        k - +5 gold dragon scales
rPois   +            (no helmet)
rElec   .            (no cloak)
rCorr   +            (no gloves)
SInv    +            (no boots)
Will    +....        w - amulet of guardian spirit Stlth
                     z - +6 ring of strength
HPRegen 0.40/turn    a - ring "Fuchajei" {rF+ rN+ rCorr Str-4 Int+3 Slay+2}
MPRegen 0.21/turn

%: no teleportation, repel missiles, guardian spirit
@: protected from physical damage, flying, mesmerised, studying Maces & Flails
A: hooves 2, spiny 2, demonic magic 1
a: Renounce Religion, Upheaval, Elemental Force, Disaster Area


You were in the Dungeon.
You worshipped Qazlal.
Qazlal was exalted by your worship.
You visited 1 branch

Inventory:

Hand Weapons
 b - the +8 eveningstar of Beogh's Benevolence {speed, Fragile rPois Will+ Str+3}
   (You found it in the Dungeon)

   Str:       It affects your strength (+3).
   rPois:     It protects you from poison.
   Fragile:   It will be destroyed if unequipped.
   Will:      It increases your willpower.
 u - the +3 greatsling "Punk" {acid, rCorr}
   (You found it in the Dungeon)

   rCorr:     It protects you from acid and corrosion.
 y - the +12 glaive of Prune {freeze, Prune}
   (You found it in the Dungeon)

   Prune:     It halves damage taken while paralysed, petrified or unconscious.
 B - the +16 obsidian axe (weapon) {drain, demonic, Mesm Drain Fly SInv}
   (You found it in the Dungeon)

   Mesm:      Its wielder is mesmerised by any visible foes, and it cannot be
   unequipped while any foes are visible.
   SInv:      It lets you see invisible.
   Fly:       It grants you flight.
   Drain:     It drains your maximum health when unequipped.
Armour
 k - +5 gold dragon scales (worn)
 C - the +18 shield of the Gong (worn) {Loud rN+ Will+ rCorr EV-5}
   (You found it in the Dungeon)

   Loud:      It is deafeningly noisy when blocking attacks.
   EV:        It affects your evasion (-5).
   rN:        It protects you from negative energy.
   rCorr:     It protects you from acid and corrosion.
   Will:      It increases your willpower.
Magical Staves
 v - the staff of Beogh, Bedazzling {rN+ Str+4 Necro}
   (You found it in the Dungeon)

   [staff of death]

   Base accuracy: +5 Base damage: 5 Base attack delay: 1.2 This weapon's minimum
   attack delay (0.6) is reached at skill level 12.
   Str:       It affects your strength (+4).
   rN:        It protects you from negative energy.
   Necro:     It increases the power of your Necromancy spells.
   It falls into the 'Staves' category.
   It is a one-handed weapon.
Jewellery
 a - the ring "Fuchajei" (right hand) {rF+ rN+ rCorr Str-4 Int+3 Slay+2}
   (You found it in the Dungeon)

   [ring of positive energy]

   Str:       It affects your strength (-4).
   Int:       It affects your intelligence (+3).
   Slay:      It affects your accuracy & damage with ranged weapons and melee
   (+2).
   rF:        It protects you from fire.
   rN:        It protects you from negative energy.
   rCorr:     It protects you from acid and corrosion.
 w - an amulet of guardian spirit (around neck)
 z - a +6 ring of strength (left hand)
Wands
 d - a wand of paralysis (14)
 o - a wand of polymorph (6)
 D - a wand of mindburst (8)
 E - a wand of flame (4)
 F - a wand of quicksilver (5)
 G - a wand of iceblast (4)
Scrolls
 j - 4 scrolls of blinking
 q - 4 scrolls of amnesia
 r - 7 scrolls of fog
 s - 5 scrolls of identify
 t - 2 scrolls of fear
 x - 4 scrolls of brand weapon
Potions
 c - a potion of ambrosia
 e - 10 potions of curing
 f - 5 potions of heal wounds
 g - 9 potions of haste
 h - 6 potions of magic
 i - 3 potions of berserk rage
 l - 2 potions of brilliance
 m - a potion of invisibility
 n - 4 potions of resistance
 p - 4 potions of might


   Skills:
 + Level 18.4 Fighting
 + Level 13.1 Axes
 + Level 12.6 Armour
 + Level 12.6 Dodging
 + Level 12.3 Shields
 * Level 24.5 Invocations


You had 12 spell levels left.
You didn't know any spells.
Your spell library contained the following spells:

 Spells                   Type           Power      Damage    Failure   Level
 Apportation              Tloc           0%         N/A       100%        1
 Necrotise                Necr           0%         1d4       100%        1
 Summon Small Mammal      Summ           0%         N/A       100%        1
 Scorch                   Fire           0%         2d5       100%        2
 Sublimation of Blood     Necr           0%         N/A       100%        2
 Call Canine Familiar     Summ           0%         N/A       100%        3
 Portal Projectile        Hex/Tloc       0%         N/A       100%        3
 Stone Arrow              Conj/Erth      0%         3d7       100%        3
 Animate Armour           Summ/Erth      0%         N/A       100%        4
 Flame Wave               Conj/Fire      0%         2d4       100%        4
 Leda's Liquefaction      Hex/Erth       0%         N/A       100%        4
 Manifold Assault         Tloc           0%         N/A       100%        4
 Olgreb's Toxic Radiance  Pois           0%         N/A       100%        4
 Petrify                  Tmut/Erth      0%         N/A       100%        4
 Summon Ice Beast         Ice/Summ       0%         N/A       100%        4
 Irradiate                Conj/Tmut      0%         3d11      100%        5
 Summon Forest            Summ/Tloc      0%         N/A       100%        5
 Summon Mana Viper        Hex/Summ       0%         N/A       100%        5
 Dispersal                Tloc           0%         N/A       100%        6
 Simulacrum               Ice/Necr       0%         N/A       100%        6
 Summon Cactus Giant      Summ           0%         N/A       100%        6
 Malign Gateway           Summ/Tloc      0%         N/A       100%        7
 Ozocubu's Refrigeration  Ice            0%         4d7       100%        7
 Discord                  Hex            0%         N/A       100%        8
 Disjunction              Tloc           0%         N/A       100%        8
 Ignition                 Fire           0%         3d3       100%        8
 Lehudib's Crystal Spear  Conj/Erth      0%         10d2      100%        8
 Summon Horrible Things   Summ           0%         N/A       100%        8
 Polar Vortex             Ice            0%         N/A       100%        9


Dungeon Overview and Level Annotations

Branches:
Dungeon (1/1)

Altars:
Ashenzari
Cheibriados
Dithmenos
Fedhas
Gozag
Hepliaklqana
Kikubaaqudgha
Makhleb
Nemelex Xobeh
Okawaru
Qazlal
Ru
Sif Muna
Trog
Uskayaw
Vehumet
Wu Jian
Xom
Yredelemnul
Jiyva
Lugonu

Annotations:
D 1 transporter


Innate Abilities, Weirdness & Mutations

You have hoof-like feet.
You are mostly covered in sharp spines.
Spells you cast may paralyse adjacent enemies.


Message History

* * * LOW HITPOINT WARNING * * *
You feel protected from fire.
The centaur warrior kicks you but does no damage.
The yaktaur captain is struck by your spines.
The yaktaur captain hits you with the +1 great sword of Jynin {freeze, rF+ Str+3}!
* * * LOW HITPOINT WARNING * * *
Your resistance to fire fades away.
You feel protected from physical attacks.
Your resistance to physical damage fades away.
You feel protected from cold.
The yaktaur wields a +0 arbalest.
The yaktaur shoots a bolt.
GONNNNG!
You block the bolt.
The centaur shoots an arrow.
The arrow is repelled.
The arrow completely misses the yaktaur captain.
The yaktaur shoots a bolt.
PTOANNNG!
You block the bolt. You block the cyclops's attack.
PANG!
The centaur wields a +0 shortbow.
The centaur shoots an arrow.
The arrow hits you but does no damage.
The centaur shoots an arrow.
The arrow hits you but does no damage.
You feel much better.
Visions of slaying the centaur flood into your mind.
You block the centaur warrior's attack.
BOUMMMMG!
You block the centaur warrior's attack.
GONNNNG!
The centaur shoots an arrow.
PTOANNNG!
You block the arrow. You block the centaur's attack.
BOUMMMMG!
You block the centaur's attack.
SHROANNG!
The yaktaur captain is struck by your spines.
The yaktaur captain hits you with the +1 great sword of Jynin {freeze, rF+ Str+3}!!
* * * LOW HITPOINT WARNING * * *
Your resistance to cold fades away.
You feel protected from physical attacks.
The yaktaur captain freezes you.
You die...

▓▓▓▓▓▓▓▓▓▓▓▓▓▓▓▓▓▓▓▓▓▓▓▓
▓.....8©8.....▓....8©8..
▓..:.[.:[.}...▓..|.}..|)
▓...[.:...)...▓....)[.)|
▓.....Cc......▓.........
▓....cc°c○....▓.........
▓....cc§C.....▓.........
▓....c☼@c°....▓....)[)).
▓......c§§....▓....).)..
▓.....§°☼°....▓.....))..
▓..▓.......▓..▓.........
▓.............▓.....©...
▓.............▓▓▓▓▓▓▓▓▓▓
▓......©......▓....8©8[.
▓▓▓▓▓▓▓▓▓▓▓▓▓▓▓.....))..
▓.....)..[


You could see a yaktaur captain, a centaur warrior (drained), 2 cyclopes, 3
yaktaurs and 4 centaurs.

Vanquished Creatures
  A deep elf master archer (D)
  A shadow dragon (D)
  A nargun (D)
  A frost giant (D)
  2 fire giants (D)
  A white draconian (D)
  2 wendigos (D)
  2 entropy weavers (D)
  A yaktaur captain (D)
  A fire dragon (D)
  9 vault guards (D)
  2 jorogumos (D)
  A radroach (D)
  A boulder beetle (D)
  4 hell hogs (D)
  A sun moth (D)
  An orb spider (D)
  A wolf spider (D)
  7 draconians (D)
  2 hellions (D)
  A tormentor (D)
  3 freezing wraiths (D)
  A guardian mummy (D)
  2 yaktaurs (D)
  2 efreet (D)
  A hellwing (D)
  3 hornets (D)
  A tarantella (D)
  A jumping spider (D)
  6 spriggans (D)
  A yak (D)
  2 ushabtiu (D)
  3 fire elementals (D)
  3 hell hounds (D)
  3 black bears (D)
  A phantom (D)
  2 centaurs (D)
  A crimson imp (D)
  2 jellies (D)
  A quasit (D)
  3 mummies (D)
  A river rat (D)
  A shadow imp (D)
  A white imp (D)
  An adder skeleton (D)
  2 adder simulacra (D)
  A bat zombie (D)
  2 endoplasms (D)
  A jackal (D)
  2 ball python simulacra (D)
  2 bat simulacra (D)
  A giant cockroach simulacrum (D)
  4 fire vortices (D)
104 creatures vanquished.

Vanquished Creatures (collateral kills)
  A pandemonium lord (D)
  2 vault guards (D)
  4 draconians (D)
  2 hellwings (D)
  A quasit (D)
  A white imp (D)
  An ufetubus (D)
  A bat simulacrum (D)
13 creatures vanquished.

Vanquished Creatures (others)
  A ball python simulacrum (D)
  A bat simulacrum (D)
  A quokka simulacrum (D)
3 creatures vanquished.

Grand Total: 120 creatures vanquished

Notes
Turn   | Place    | Note
-------+----------+-------------------------------------------
     0 | D        | HallandMoats the Demonspawn Monk began the quest for the
                  | Orb.
     0 | D        | Reached XP level 1. HP: 18/18 MP: 1/1
     5 | D        | Found a shimmering blue altar of Sif Muna.
     5 | D        | Found a sacrificial altar of Ru.
     5 | D        | Found a bloodstained altar of Trog.
     5 | D        | Found a stormy altar of Qazlal.
     5 | D        | Found an iron altar of Okawaru.
     5 | D        | Found a sparkling altar of Nemelex Xobeh.
     5 | D        | Found a blossoming altar of Fedhas.
     5 | D        | Found the +6 Majin-Bo {spellvamp, MP+6 Int+6}
     5 | D        | Found the +27 heavy crossbow "Sniper" {heavy, Acc+∞ SInv}
     5 | D        | Found the +10 dark maul {heavy}
     5 | D        | Found the +15 Maxwell's patent armour {-Cast -Tele rElec
                  | Will+ rCorr}
     5 | D        | Found the +18 shield of the Gong {Loud rN+ Will+ rCorr
                  | EV-5}
     5 | D        | Found the +16 obsidian axe {drain, demonic, Mesm Drain Fly
                  | SInv}
     5 | D        | Found the +7 great mace "Firestarter" {flame, immolate,
                  | rFlCloud rF++}
     5 | D        | Found the +6 shillelagh "Devastator" {shatter}
     5 | D        | Found the +11 plutonium sword {Contam Stlth-}
     5 | D        | Found the +8 lance "Wyrmbane" {slay drac, rPois rF+ rC+
                  | AC+3}
     5 | D        | Found the +9 sword of Zonguldrok {reap}
     5 | D        | Found the +13 scythe of Curses {drain, curses, Drain}
     5 | D        | Found the +9 sword of Power {lifebolt}
     5 | D        | Found the +7 mace of Variability {chaos, chaos arc}
     5 | D        | Found the +11 Singing Sword {sonic wave}
     5 | D        | Found the +8 storm bow {elec, penet}
     7 | D        | Found a transporter.
     7 | D        | Found an ancient bone altar of Kikubaaqudgha.
     7 | D        | Found a viscous altar of Jiyva.
     7 | D        | Found a corrupted altar of Lugonu.
     7 | D        | Found a hazy altar of Hepliaklqana.
     7 | D        | Found a burning altar of Makhleb.
     7 | D        | Found an opulent altar of Gozag.
    23 | D        | Became a worshipper of Qazlal Stormbringer
    23 | D        | Reached * piety under Qazlal
    23 | D        | Reached ** piety under Qazlal
   142 | D        | Reached skill level 5 in Fighting
   142 | D        | Reached skill level 7 in Invocations
   142 | D        | Gained mutation: You have large cloven feet. [demonic
                  | ancestry]
   142 | D        | Reached XP level 2. HP: 27/27 MP: 1/6
   193 | D        | Entered arena 2.
   193 | D        | Noticed a phantom
   193 | D        | Found a transporter.
   197 | D        | Killed a phantom
   198 | D        | Reached skill level 1 in Armour
   198 | D        | Reached skill level 1 in Shields
   198 | D        | Reached skill level 8 in Invocations
   198 | D        | Reached XP level 3. HP: 34/34 MP: 6/8
   198 | D        | Reached XP level 4. HP: 40/40 MP: 7/10
   201 | D        | Got the ring "Fuchajei" {rF+ rN+ rCorr Str-4 Int+3 Slay+2}
   204 | D        | Got the +8 eveningstar of Beogh's Benevolence {speed,
                  | Fragile rPois Will+ Str+3}
   207 | D        | Entered arena 3.
   207 | D        | Noticed a yak
   207 | D        | Found a transporter.
   212 | D        | Reached skill level 9 in Invocations
   214 | D        | Killed a yak
   214 | D        | Reached *** piety under Qazlal
   215 | D        | Reached skill level 10 in Invocations
   215 | D        | Reached XP level 5. HP: 48/48 MP: 9/12
   220 | D        | Entered arena 4.
   220 | D        | Found the +3 greatsling "Punk" {acid, rCorr}
   220 | D        | Found a transporter.
   224 | D        | Gained mutation: You have hoof-like feet. [demonic
                  | ancestry]
   224 | D        | Reached XP level 6. HP: 56/56 MP: 10/13
   226 | D        | Reached **** piety under Qazlal
   233 | D        | Entered arena 5.
   233 | D        | Found a transporter.
   237 | D        | Reached skill level 11 in Invocations
   245 | D        | Got the staff of Beogh, Bedazzling {rN+ Str+4 Necro}
   250 | D        | Entered arena 6.
   250 | D        | Noticed a draconian
   250 | D        | Noticed a white draconian
   250 | D        | Noticed a draconian
   250 | D        | Noticed a draconian
   250 | D        | Noticed a draconian
   250 | D        | Found a transporter.
   256 | D        | Killed a draconian
   256 | D        | Reached ***** piety under Qazlal
   257 | D        | Reached skill level 5 in Axes
   257 | D        | Reached skill level 5 in Dodging
   257 | D        | Reached skill level 12 in Invocations
   257 | D        | Reached XP level 7. HP: 55/64 MP: 14/16
   257 | D        | Killed a draconian
   258 | D        | Reached skill level 5 in Armour
   258 | D        | Reached skill level 5 in Shields
   258 | D        | Reached skill level 13 in Invocations
   258 | D        | Reached XP level 8. HP: 56/72 MP: 14/17
   259 | D        | Killed a draconian
   260 | D        | Reached skill level 10 in Fighting
   260 | D        | Killed a draconian
   261 | D        | Reached skill level 14 in Invocations
   264 | D        | Killed a white draconian
   265 | D        | Reached skill level 15 in Invocations
   265 | D        | Gained mutation: You are partially covered in sharp spines.
                  | [demonic ancestry]
   265 | D        | Reached XP level 9. HP: 62/81 MP: 15/20
   284 | D        | Entered arena 7.
   284 | D        | Noticed a guardian mummy
   285 | D        | Found a transporter.
   293 | D        | Killed a guardian mummy
   293 | D        | Reached ****** piety under Qazlal
   304 | D        | Entered arena 8.
   304 | D        | Noticed an efreet
   304 | D        | Noticed an efreet
   305 | D        | Found a transporter.
   306 | D        | Killed an efreet
   308 | D        | Killed an efreet
   309 | D        | Reached skill level 16 in Invocations
   502 | D        | Entered arena 9.
   502 | D        | Found the +12 glaive of Prune {freeze, Prune}
   502 | D        | Noticed a draconian
   502 | D        | Noticed a draconian
   502 | D        | Noticed a draconian
   502 | D        | Noticed a draconian
   502 | D        | Noticed a draconian
   502 | D        | Noticed a draconian
   502 | D        | Noticed a draconian
   503 | D        | Found a transporter.
   508 | D        | Killed a draconian
   508 | D        | Killed a draconian
   508 | D        | Killed a draconian
   509 | D        | Gained mutation: You are mostly covered in sharp spines.
                  | [demonic ancestry]
   509 | D        | Reached XP level 10. HP: 84/92 MP: 19/22
   509 | D        | Killed a draconian
   510 | D        | Reached skill level 17 in Invocations
   511 | D        | Killed a draconian
   512 | D        | Killed a draconian
   514 | D        | Killed a draconian
   523 | D        | Entered arena 10.
   523 | D        | Noticed Vumutt the pandemonium lord
   524 | D        | Found a transporter.
   530 | D        | Noticed a sixfirhy
   536 | D        | Noticed a smoke demon
   539 | D        | Killed Vumutt the pandemonium lord
   540 | D        | Reached skill level 18 in Invocations
   540 | D        | Reached XP level 11. HP: 52/101 MP: 7/24
   782 | D        | Entered arena 11.
   782 | D        | Noticed a spriggan rider
   782 | D        | Noticed a spriggan rider
   783 | D        | Found a transporter.
   787 | D        | Reached skill level 19 in Invocations
   787 | D        | Killed a spriggan rider
   788 | D        | Reached skill level 15 in Fighting
   789 | D        | Reached skill level 10 in Axes
   800 | D        | Entered arena 12.
   800 | D        | Noticed a wendigo
   800 | D        | Paralysed by a wendigo for 1 turns
   801 | D        | Noticed a wendigo
   802 | D        | Found a transporter.
   811 | D        | Paralysed by a wendigo for 1 turns
   813 | D        | Killed a wendigo
   815 | D        | Reached skill level 10 in Dodging
   815 | D        | Reached skill level 20 in Invocations
   815 | D        | Paralysed by a wendigo for 1 turns
   817 | D        | Killed a wendigo
   818 | D        | Reached skill level 10 in Armour
  1013 | D        | Entered arena 13.
  1013 | D        | Noticed a frost giant
  1013 | D        | Noticed a nargun
  1015 | D        | Killed a frost giant
  1016 | D        | Gained mutation: Spells you cast may paralyse adjacent
                  | enemies. [demonic ancestry]
  1016 | D        | Reached XP level 12. HP: 111/111 MP: 17/26
  1017 | D        | Found a transporter.
  1021 | D        | Killed a nargun
  1022 | D        | Reached skill level 10 in Shields
  1051 | D        | Entered arena 14.
  1051 | D        | Noticed a boulder beetle
  1052 | D        | Noticed an entropy weaver
  1052 | D        | Noticed a jorogumo
  1052 | D        | Noticed a radroach
  1052 | D        | Noticed an entropy weaver
  1052 | D        | Noticed a jorogumo
  1054 | D        | Killed a boulder beetle
  1054 | D        | Killed an entropy weaver
  1054 | D        | Killed an entropy weaver
  1054 | D        | Killed a jorogumo
  1054 | D        | Killed a jorogumo
  1055 | D        | Reached skill level 21 in Invocations
  1057 | D        | Found a transporter.
  1060 | D        | Killed a radroach
  1076 | D        | Entered arena 15.
  1076 | D        | Noticed a hell hog
  1076 | D        | Noticed a hell hog
  1076 | D        | Noticed a hell hog
  1076 | D        | Noticed a hell hog
  1077 | D        | Noticed a fire dragon
  1077 | D        | Noticed a fire giant
  1077 | D        | Noticed a fire giant
  1078 | D        | Killed a hell hog
  1078 | D        | Killed a hell hog
  1078 | D        | Killed a fire dragon
  1078 | D        | Killed a hell hog
  1078 | D        | Killed a hell hog
  1078 | D        | Killed a fire giant
  1078 | D        | Killed a fire giant
  1079 | D        | Reached skill level 22 in Invocations
  1079 | D        | Reached XP level 13. HP: 119/121 MP: 13/28
  1080 | D        | Found a transporter.
  1085 | D        | Got the Codex of Calling
  1102 | D        | Entered arena 16.
  1103 | D        | Noticed a shadow dragon
  1105 | D        | Found a transporter.
  1111 | D        | Reached skill level 23 in Invocations
  1120 | D        | Reached skill level 24 in Invocations
  1123 | D        | Killed a shadow dragon
  1136 | D        | Got the Incunabulum of Bringing Forth
  1160 | D        | Entered arena 17.
  1163 | D        | Noticed a deep elf master archer
  1163 | D        | Identified the +1 great sword of Jynin {freeze, rF+ Str+3}
  1165 | D        | Found a transporter.
  1170 | D        | Killed a deep elf master archer
  1171 | D        | HP: 3/124 [yaktaur captain/the +1 great sword of Jynin
                  | {freeze, rF+ Str+3} (25)]
  1171 | D        | Slain by a yaktaur captain

Illustrated notes

Levels and vault maps discovered:
D:        sprint_v [room_start, room_1, room_2, room_3, room_4, room_5, room_6,
          room_7, room_8, room_9, room_10, room_11, room_12, room_13, room_14,
          room_15, room_16, room_17, room_18, room_19, room_20, room_21,
          room_22, room_23, room_24, room_25, room_26, room_27]

Skill      XL: |  1  2  3  4  5  6  7  8  9 10 11 12 13 |
---------------+----------------------------------------+-----
Fighting       | 5 6 7 9 11 13 14 16 17 18 | 18.4
Invocations    | 7 8 10 12 13 15 16 18 20 22 24 | 24.5
Axes           | 3 4 5 6 7 8 9 10 12 13 | 13.1
Armour         | 1 3 4 5 6 7 9 10 11 12 | 12.6
Dodging        | 3 4 5 7 8 9 10 11 12 | 12.6
Shields        | 1 3 4 5 6 7 8 9 11 12 | 12.3

Action                     |  1- 3 |  4- 6 |  7- 9 | 10-12 | 13-15 || total
---------------------------+-------+-------+-------+-------+-------++-------
  Melee: Broad axe         |     4 |    19 |    18 |    37 |    22 ||   100
         Kick              |       |     2 |     8 |    16 |    10 ||    36
 Invoke: Disaster Area     |       |       |     1 |     5 |       ||     6
    Use: Potion            |     1 |     2 |       |     6 |     1 ||    10
   Stab: Invisible         |       |       |       |     3 |       ||     3
         Distracted        |       |       |       |     1 |       ||     1
 Armour: Gold dragon scale |     1 |     3 |     4 |    22 |    17 ||    47
  Dodge: Dodged            |       |       |       |     3 |     3 ||     6
         Repelled          |       |       |       |       |     1 ||     1
  Block: Kite shield       |     4 |    23 |    26 |   117 |    76 ||   246

Table legend: (Time is in decaauts)
 A = Elapsed time spent in this place.
 B = Non-inter-level travel time spent in this place.
 C = Inter-level travel time spent in this place.
 D = Time resting spent in this place.
 E = Time spent auto-exploring this place.
 F = Levels seen in this place.
 G = Mean time per level.
                   A        B        C        D        E       F      G
               +--------+--------+--------+--------+--------+-----+--------+
         Total |   1180 |   1180 |      0 |    717 |      0 |   1 | 1180.0 |
       Dungeon |   1180 |   1180 |      0 |    717 |      0 |   1 | 1180.0 |
               +--------+--------+--------+--------+--------+-----+--------+

Top non-repeatable levels by time:
       D: 1180 daAuts
